AoeStats
← NPG | gab

Arabia

510653602Analyzed
1v1 RM · 2d ago on Oct 2, 2026· 55m 19s· 2 players
Game mode
Random Map
Map size
Tiny (2 player)
Population
200
Speed
Normal
Resources
Standard
Victory
Conquest
Starting age
Dark Age
Ending age
Imperial Age
RankedLock teamsTeams togetherTeam positionsShared explorationLock speedFull tech treeHidden civsTurbo modeCheats
Victory
Defeat
🇨🇴 Gurjaras · Colombia
1260
+17
🇦🇷 Magyars · Argentina
1272
-17
Dr. Hibbert
4:04 Loom
9:16 Feudal Age
10:20 Double-Bit Axe
11:31 Horse Collar
15:45 Fletching
16:47 Wheelbarrow
20:35 Castle Age
19:00 Gold Mining
19:43 Bloodlines
20:25 Padded Archer Armor
21:33 Bow Saw
21:23 Bodkin Arrow
21:47 Heavy Plow
23:07 Gold Shaft Mining
24:55 Husbandry
27:46 Leather Archer Armor
27:51 Guard Tower
28:21 Ballistics
29:11 Thumb Ring
30:54 Hand Cart
31:56 Scale Barding Armor
32:01 Forging
33:22 Chain Barding Armor
37:38 Imperial Age
35:47 Light Cavalry
36:34 Devotion
37:22 Kshatriyas
37:55 Iron Casting
38:23 Bracer
39:27 Chemistry
38:50 Conscription
39:23 Plate Barding Armor
38:55 Town Watch
38:59 Elite Elephant Archer
40:53 Hussar
46:09 Frontier Guards
53:36 Town Patrol
54:15 Hoardings
54:33 Masonry
NPG | gab
6:39 Loom
9:17 Feudal Age
11:26 Double-Bit Axe
16:24 Fletching
21:41 Castle Age
21:02 Padded Archer Armor
22:27 Bodkin Arrow
21:54 Crossbowman
23:08 Leather Archer Armor
26:05 Ballistics
26:31 Elite Skirmisher
30:38 Horse Collar
32:26 Bloodlines
36:21 Imperial Age
35:19 Wheelbarrow
36:09 Corvinian Army
36:47 Scale Barding Armor
37:29 Hand Cart
37:18 Heavy Plow
37:34 Bow Saw
38:00 Conscription
37:48 Husbandry
38:52 Parthian Tactics
39:04 Bracer
39:25 Chain Barding Armor
40:40 Chemistry
39:10 Heavy Cavalry Archer
41:08 Recurve Bow
41:11 Elite Magyar Huszar
42:33 Plate Barding Armor
49:08 Thumb Ring
Connection lost

Rejoining the realm…

Still unreachable

The connection could not be restored.

Session expired

The server has moved on; the page needs a fresh start.